 Dungeon Crawl Stone Soup version 0.30-a0-696-g2367cd04db (webtiles) character file.

Game seed: 13533535921901111472

50 Newt the Sneak (level 3, -1/28 HPs)
             Began as a Demonspawn Gladiator on Jan 20, 2023.
             Slain by Grinder (3 damage)
             ... on level 3 of the Dungeon.
             The game lasted 00:01:45 (1235 turns).

Newt the Sneak (Demonspawn Gladiator)               Turns: 1235, Time: 00:01:46

Health: -1/28      AC:  4    Str: 16    XL:     3   Next: 55%
Magic:  3/3        EV: 12    Int:  9    God:
Gold:   80         SH:  0    Dex: 14    Spells: 2/2 levels left

rFire   . . .      SeeInvis .    a - +0 rapier
rCold   . . .      Faith    .    (no shield)
rNeg    . . .      Spirit   .    b - +0 leather armour
rPois   .          Reflect  .    c - +0 helmet
rElec   .          Harm     .    (no cloak)
rCorr   .          Rampage  .    (no gloves)
Will    .....                    (no boots)
Stlth   ++                       (no amulet)
HPRegen 0.24/turn                (no ring)
MPRegen 0.08/turn                (no ring)

@: no status effects
A: foul stench 1, demonic touch 1
a: no special abilities


You were on level 3 of the Dungeon.
You visited 1 branch of the dungeon, and saw 3 of its levels.

You collected 80 gold pieces.

Inventory:

Hand Weapons
 a - a +0 rapier (weapon)
Missiles
 d - a throwing net (quivered)
 e - a javelin
Armour
 b - a +0 leather armour (worn)
 c - a +0 helmet (worn)
 i - a +0 pair of gloves
Scrolls
 l - a scroll of vulnerability
 m - a scroll of amnesia
Potions
 f - 2 potions of curing
 g - a potion of flight
 j - a potion of haste {unknown}
 k - a potion of resistance {unknown}


   Skills:
 + Level 2.4 Fighting
 - Level 2.6 Short Blades
 - Level 1.7 Throwing
 - Level 2.6 Dodging
 - Level 3.0 Stealth


You had 2 spell levels left.
You didn't know any spells.
Your spell library contained the following spells:

 Spells                   Type           Power      Damage    Failure   Level
 Kiss of Death            Conj/Necr      0%         2d5       45%         1
 Magic Dart               Conj           0%         1d3       45%         1
 Necrotise                Necr           0%         1d4       45%         1
 Scorch                   Fire           0%         2d5       58%         2
 Flame Wave               Conj/Fire      0%         2d4       99%         4
 Summon Cactus Giant      Summ           0%         N/A       100%        6


Dungeon Overview and Level Annotations

Branches:
Dungeon (3/15)

Altars:

Shops:
D:1 :

Annotations:
D:3 Grinder


Innate Abilities, Weirdness & Mutations

You may rarely emit foul miasma when damaged in melee.
Your touch may inflict minor irresistible damage on your foes.


Message History

As you read the scroll of identify, it crumbles to dust.
m - a scroll of amnesia
As you read the scroll of identify, it crumbles to dust.
g - a potion of flight Grinder comes into view.
You see here a potion of curing.
Grinder is nearby!
Grinder is nearby!
Grinder is nearby!
Grinder barely misses you.
You barely miss Grinder. Grinder hits you but does no damage.
You hit Grinder.
You touch Grinder!
Grinder is moderately wounded.
Grinder gestures at you.
You suddenly lose the ability to move!
Grinder hits you.
You writhe in agony.
Grinder blinks!
Grinder says, "There's only one good use for a tongue: cutting it out."
Grinder gestures at you. Pain shoots through your body!
Ouch! That really hurt!
Grinder hits you.
You can move again.
You feel better. Grinder hits you!
* * * LOW HITPOINT WARNING * * *
Throw: 3 throwing nets
Press: ? - help, Q - select action, (/) - cycle Shift-Dir - straight line, f - Grinder
Aim: Grinder (moderately wounded, 55% to hit)
You throw a throwing net.
The throwing net closely misses Grinder.
Grinder closely misses you.
Throw: 2 throwing nets
Press: ? - help, Q - select action, (/) - cycle Shift-Dir - straight line, f/p - Grinder
Aim: Grinder (moderately wounded, 55% to hit)
You throw a throwing net.
The throwing net closely misses Grinder.
Grinder hits you!
* * * LOW HITPOINT WARNING * * *
You writhe in agony.
You die...

.#.# ##.#.#
...#.##
##....<##
....... #....
#..# #
..#####5.#.##
........@...#
#######.#!#.....
#.#...###.
#.#####
########.#
.......<.#
##########


You could see Grinder.

Vanquished Creatures
  A worm (D:2)
  2 dart slugs
  4 endoplasms
  A giant cockroach (D:2)
  8 goblins
  2 hobgoblins (D:2)
  2 jackals (D:1)
  6 kobolds
  2 quokkas
  2 ball pythons (D:1)
  3 bats
  A frilled lizard (D:2)
  6 rats
40 creatures vanquished.

Notes
Turn   | Place    | Note
-------+----------+-------------------------------------------
     0 | D:1      | Newt the Demonspawn Gladiator began the quest for the Orb.
     0 | D:1      | Reached XP level 1. HP: 16/16 MP: 1/1
    21 | D:1      | Reached skill level 1 in Stealth
    65 | D:1      | Got Guuh's Even Beginners Can Use the Rites and Rhymes!
   117 | D:1      | Gained mutation: You may rarely emit foul miasma when
                  | damaged in melee. [demonic ancestry]
   117 | D:1      | Reached XP level 2. HP: 16/22 MP: 2/2
   182 | D:1      | Reached skill level 2 in Stealth
   481 | D:1      | Found Exzauliu's Book Shoppe.
   747 | D:2      | Gained mutation: Your touch may inflict minor irresistible
                  | damage on your foes. [demonic ancestry]
   747 | D:2      | Reached XP level 3. HP: 27/27 MP: 3/3
   812 | D:2      | Reached skill level 3 in Stealth
  1225 | D:3      | Noticed Grinder
  1228 | D:3      | Paralysed by Grinder for 5 turns
  1235 | D:3      | Slain by Grinder

Illustrated notes

Levels and vault maps discovered:
D:1:      scummos_arrival_star, layout_rooms, serial_shops,
          nicolae_lakefront_shop
D:2:      minmay_evil_eye, layout_rooms, corexii_item_surrounded_by_moat,
          minmay_fractal_squares_gapless_5
D:3:      layout_loops_ring, serial_shops, shop, nicolae_shop_advertising_works
          [nicolae_subvault_shop_adworks], nicolae_shop_statue_plus,
          shop_fountains, shop_fountains, item_on_display_a, uniq_grinder

Skill      XL: |  1  2  3 |
---------------+----------+-----
Stealth        | 1 2 3 |  3.0
Fighting       | |  2.4
Short Blades   | |  2.6
Throwing       | |  1.7
Dodging        | |  2.6

Action                   || total
-------------------------++-------
Melee: Rapier            ||   112
       Punch             ||     2
       Touch             ||     3
Throw: Throwing net      ||     2
  Use: Scroll            ||     5
       Potion            ||     1
 Stab: Sleeping          ||     8
Armor: Leather armour    ||    32
Dodge: Dodged            ||    62

Table legend: (Time is in decaauts)
 A = Elapsed time spent in this place.
 B = Non-inter-level travel time spent in this place.
 C = Inter-level travel time spent in this place.
 D = Time resting spent in this place.
 E = Time spent auto-exploring this place.
 F = Levels seen in this place.
 G = Mean time per level.
                   A        B        C        D        E       F      G
               +--------+--------+--------+--------+--------+-----+--------+
         Total |   1241 |   1157 |     84 |    151 |    696 |   3 |  413.7 |
       Dungeon |   1241 |   1157 |     84 |    151 |    696 |   3 |  413.7 |
               +--------+--------+--------+--------+--------+-----+--------+

Top non-repeatable levels by time:
     D:1: 695 daAuts
     D:2: 526 daAuts
     D:3: 19 daAuts
